[Event "Titled Tuesday Blitz April 4 Late 2023"]
[White "Romero Pallares, Daniel"]
[Black "Novikova, Galina"]
[WhiteFideId "32025637"]
[BlackFideId "4157095"]
[WhiteElo "2195"]
[BlackElo "1953"]
[Result "1-0"]
[Round "06"]
[TimeControl "180+2"]
[Date "2023.04.04"]
[WhiteClock "0:00:08"]
[BlackClock "0:00:02"]

1. d4 e6 2. Bf4 f5 3. e3 Nf6 4. Nc3 Be7 5. h3 d6 6. g4 O-O 7. Bd3 Nc6 8. gxf5 exf5 9. Qf3 Nb4 10. Bc4+ d5 11. Bb3 c6 12. Nge2 Kh8 13. O-O-O b5 14. a3 Na6 15. Rhg1 Nc7 16. Be5 Ne6 17. Nf4 Nxf4 18. Qxf4 a5 19. Qg5 Rg8 20. Qf4 b4 21. axb4 axb4 22. Nb1 Ra1 23. f3 Be6 24. Rg2 Qa5 25. Kd2 Ra2 26. Bxa2 b3+ 27. Nc3 bxa2 28. Ra1 Qb4 29. Rxa2 c5 30. dxc5 d4 31. Qxd4 Rd8 32. Ra8 Qxd4+ 33. exd4 Rxa8 34. b4 Rd8 35. Ke3 Kg8 36. b5 g6 37. b6 Nd5+ 38. Nxd5 Bxd5 39. Rg1 Kf7 40. Ra1 Bf6 41. f4 Bxe5 42. fxe5 Rd7 43. Ra4 Ke6 44. c4 Bc6 45. Rb4 Bb7 46. h4 h6 47. Ra4 g5 48. hxg5 hxg5 49. Ra7 f4+ 50. Kf2 g4 51. d5+ Kxe5 52. Rxb7 g3+ 53. Kf3 Rxb7 54. c6 Rg7 55. b7 Rg8 56. c7 g2 57. b8=Q Rg3+ 58. Ke2 g1=Q 59. c8=Q+ Kd4 60. Qa7+ Kc3 61. Qxg1 Rxg1 62. Kf3 Rf1+ 63. Ke4 f3 64. Qh3 Re1+ 65. Kxf3 Kxc4 66. Kf2 Rd1 67. Qg4+ Rd4 68. Qd1 Kb4 69. Qxd4+ Kb5 70. Qc3 1-0


[Site "https://www.chess.com"]

[Event "Titled Tuesday Blitz April 4 Late 2023"]
[White "Jovic, Stanoje"]
[Black "Rian, Kapriaga"]
[WhiteFideId "905020"]
[BlackFideId "7103263"]
[WhiteElo "2236"]
[BlackElo "2328"]
[Result "1-0"]
[Round "06"]
[TimeControl "180+2"]
[Date "2023.04.04"]
[WhiteClock "0:00:42"]
[BlackClock "0:00:05"]

1. c4 Nf6 2. g3 e6 3. Bg2 d5 4. Nf3 Be7 5. O-O O-O 6. d4 b6 7. Ne5 Bb7 8. Qa4 Nfd7 9. f4 Nxe5 10. fxe5 Qd7 11. Qxd7 Nxd7 12. Nc3 c6 13. cxd5 cxd5 14. h4 f5 15. exf6 Bxf6 16. e3 Ba6 17. Rf2 Be7 18. Nxd5 Bd6 19. Nf4 Rac8 20. Bh3 Bc4 21. b3 Bd5 22. Nxd5 Bxg3 23. Bxe6+ Kh8 24. Rxf8+ Rxf8 25. Bxd7 Bf2+ 26. Kg2 Bxh4 27. Ba3 Rf2+ 28. Kh3 Bg5 29. Rc1 h5 30. Rc8+ Kh7 31. e4 Bd2 32. Bf5+ g6 33. Rc7+ Kh6 34. Bf8+ Kg5 35. Be7+ Kh6 36. Rc6 Bf4 37. Rxg6+ Kh7 38. Nf6+ Kh8 39. Rg8# 1-0


[Site "https://www.chess.com"]

[Event "Titled Tuesday Blitz April 4 Late 2023"]
[White "Smith, Garrett L"]
[Black "Mazurkiewicz, Michal"]
[WhiteFideId "2024829"]
[BlackFideId "1124943"]
[WhiteElo "2317"]
[BlackElo "2054"]
[Result "1-0"]
[Round "06"]
[TimeControl "180+2"]
[Date "2023.04.04"]
[WhiteClock "0:00:06"]
[BlackClock "0:00:06"]

1. e4 d6 2. d4 Nf6 3. Nc3 c6 4. f4 Qb6 5. Nf3 Bg4 6. Be2 Bxf3 7. Bxf3 e5 8. dxe5 dxe5 9. fxe5 Nfd7 10. e6 fxe6 11. Qe2 Ne5 12. Bd2 Nbd7 13. O-O-O O-O-O 14. Bg4 Nc5 15. Rhf1 Bd6 16. Bh3 Kb8 17. Bg5 Rd7 18. Be3 Rhd8 19. Na4 Qa5 20. Rxd6 Qxa4 21. Rxd7 Nexd7 22. Kb1 Qxe4 23. Rf4 Qg6 24. Rd4 Qe8 25. Bg5 Rc8 26. Rd6 Qf8 27. Rd1 Re8 28. a3 Nf6 29. Qc4 Nfe4 30. Be3 b5 31. Qb4 Rd8 32. Re1 Nf2 33. Rf1 Rd1+ 34. Rxd1 Nxd1 35. Qxc5 Qf1 36. Qxa7+ Kc8 37. Bxe6+ Kd8 38. Qd7# 1-0


[Site "https://www.chess.com"]

[Event "Titled Tuesday Blitz April 4 Late 2023"]
[White "QuiesPrecatio"]
[Black "Tsyhanchuk, Stanislav"]
[BlackFideId "13505130"]
[WhiteElo "2454"]
[BlackElo "2173"]
[Result "1-0"]
[Round "06"]
[TimeControl "180+2"]
[Date "2023.04.04"]
[WhiteClock "0:00:12"]
[BlackClock "0:00:16"]

1. d4 Nf6 2. c4 Nc6 3. Nf3 e6 4. g3 Bb4+ 5. Nbd2 O-O 6. Bg2 d6 7. O-O Re8 8. Nb1 a6 9. a3 Ba5 10. b4 Bb6 11. c5 Ba7 12. Bb2 Bd7 13. Nbd2 Qe7 14. Re1 e5 15. dxe5 dxe5 16. e4 Rad8 17. Qc2 b6 18. cxb6 Bxb6 19. Nc4 Ng4 20. Nxb6 cxb6 21. Red1 Rc8 22. Qd3 Be6 23. Qxa6 Nxb4 24. axb4 Qxb4 25. Qa3 Qb5 26. Bf1 Qc6 27. Qd3 h5 28. Rac1 Qb7 29. Rxc8 Rxc8 30. Nxe5 Nf6 31. Bg2 b5 32. Nf3 Bc4 33. Qd4 Qxe4 34. Qxe4 Nxe4 35. Nd4 Nf6 36. Rc1 Re8 37. Nf5 Re6 38. Bxf6 Rxf6 39. Nd4 Rd6 40. Nc6 Kh7 41. Nb4 g5 42. Be4+ Kg7 43. Bd3 Bxd3 44. Rd1 Rd4 45. Nxd3 b4 46. Kf1 b3 47. Ke2 Rc4 48. Rd2 Kf6 49. Nb2 Rc3 50. Kd1 Kf5 51. Na4 Rf3 52. Rb2 Kg4 53. Ke2 Rf6 54. Rxb3 Re6+ 55. Re3 Kh3 56. Rxe6 fxe6 57. Nc3 Kxh2 58. Kf3 Kg1 59. Ne2+ Kf1 60. Nd4 e5 61. Nc2 Kg1 62. Ne3 g4+ 63. Ke2 Kh2 64. Nf5 Kh3 65. Nh4 e4 66. Ke3 Kh2 67. Kxe4 Kg1 68. Ke3 Kf1 69. Nf5 Kg2 70. Ng7 h4 71. gxh4 g3 72. fxg3 Kxg3 73. h5 Kg4 74. h6 Kg5 75. h7 Kg6 76. h8=Q Kf7 77. Nh5 Ke6 78. Qf6+ Kd7 79. Kd4 Kc7 80. Kc5 Kb7 81. Nf4 Ka7 82. Nd5 Ka8 83. Qa6+ Kb8 84. Qb6+ Kc8 85. Qc7# 1-0


[Site "https://www.chess.com"]

[Event "Titled Tuesday Blitz April 4 Late 2023"]
[White "lluiss"]
[Black "Rizzo, Tobias"]
[BlackFideId "30942691"]
[WhiteElo "2269"]
[BlackElo "2454"]
[Result "0-1"]
[Round "06"]
[TimeControl "180+2"]
[Date "2023.04.04"]
[WhiteClock "0:00:03"]
[BlackClock "0:00:07"]

1. c4 Nf6 2. Nc3 d5 3. cxd5 Nxd5 4. g3 e5 5. Bg2 Be6 6. Nf3 Nc6 7. O-O Be7 8. d4 exd4 9. Nxd4 Nxd4 10. Qxd4 Bf6 11. Qa4+ c6 12. Rd1 Bxc3 13. bxc3 O-O 14. c4 Nc3 15. Rxd8 Nxa4 16. Rxf8+ Rxf8 17. Be3 Rd8 18. Rb1 b6 19. Bxc6 Nc3 20. Re1 Bxc4 21. a4 f6 22. a5 bxa5 23. Bxa7 Nxe2+ 24. Kg2 Rd2 25. Bb6 Ra2 26. Bf3 Nc3 27. Rc1 Nd5 28. Rxc4 Nxb6 29. Rc6 Rb2 30. Rc5 a4 31. Ra5 Rb3 32. Be2 Rb2 33. Bd3 Kf7 34. Bf1 Ke6 35. Ra7 g5 36. Ra5 Kd6 37. Ra6 Kc6 38. Ra7 Kc5 39. Rxh7 a3 40. Rc7+ Kb4 41. Ra7 a2 42. h4 Na4 43. Rb7+ Ka3 44. Rxb2 Nxb2 45. hxg5 fxg5 46. g4 a1=Q 47. f3 Qd1 48. Kg3 Qxf1 49. f4 Qxf4+ 50. Kh3 Qf3+ 51. Kh2 Qxg4 52. Kh1 Nd3 0-1


[Site "https://www.chess.com"]

[Event "Titled Tuesday Blitz April 4 Late 2023"]
[White "Andreassen, Lars"]
[Black "Golubev, Mikhail"]
[WhiteFideId "1504878"]
[BlackFideId "14100983"]
[WhiteElo "2119"]
[BlackElo "2374"]
[Result "1-0"]
[Round "06"]
[TimeControl "180+2"]
[Date "2023.04.04"]
[WhiteClock "0:00:15"]
[BlackClock "0:00:01"]

1. d4 Nf6 2. Nf3 d6 3. Bg5 Nbd7 4. e3 e5 5. Be2 Be7 6. O-O O-O 7. c4 Ne4 8. Bxe7 Qxe7 9. Qc2 Ndf6 10. Nc3 exd4 11. Nxd4 Nxc3 12. Qxc3 d5 13. cxd5 Nxd5 14. Qc4 c6 15. Bf3 Nb6 16. Qc3 Bd7 17. Rfd1 Rfd8 18. b4 Rac8 19. Rac1 Be6 20. Nxe6 Qxe6 21. Qc2 Nd5 22. Bxd5 Rxd5 23. Rxd5 Qxd5 24. Rd1 Qe6 25. Qd3 g6 26. a3 Re8 27. Qd4 Qe7 28. Qxa7 Rd8 29. Rxd8+ Qxd8 30. Qd4 Qxd4 31. exd4 Kf8 32. Kf1 Ke7 33. Ke2 Kd6 34. Kd3 b5 35. Ke4 f5+ 36. Kd3 Kd5 37. h4 h6 38. f3 1-0


[Site "https://www.chess.com"]

[Event "Titled Tuesday Blitz April 4 Late 2023"]
[White "Osmonbekov, Talaibek"]
[Black "Kukula, Pawel"]
[WhiteFideId "2017253"]
[BlackFideId "1115081"]
[WhiteElo "2135"]
[BlackElo "2012"]
[Result "0-1"]
[Round "06"]
[TimeControl "180+2"]
[Date "2023.04.04"]
[WhiteClock "0:00:01"]
[BlackClock "0:00:30"]

1. d4 e6 2. Bf4 f5 3. g4 fxg4 4. e4 Nf6 5. Nc3 Bb4 6. Bd3 Nc6 7. Be3 e5 8. d5 Nd4 9. Ne2 Nf3+ 10. Kf1 d6 11. Ng3 O-O 12. h3 Bc5 13. Bxc5 dxc5 14. Na4 b6 15. Be2 Ng5 16. hxg4 Nfxe4 17. Nxe4 Nxe4 18. Rh2 Qf6 19. Qd3 Ng5 20. Nc3 g6 21. Ne4 Nxe4 22. Qxe4 Bb7 23. c4 Qg5 24. Rd1 Rf4 25. Qe3 Raf8 26. Qh3 R8f7 27. Rd3 Bc8 28. Rg3 e4 29. Kg1 R4f6 30. Re3 Rf4 31. Qg3 Bd7 32. b3 a5 33. a4 Qf6 34. g5 Qe5 0-1


[Site "https://www.chess.com"]

[Event "Titled Tuesday Blitz April 4 Late 2023"]
[White "Rosenberg, Evan S"]
[Black "WindWhistler11"]
[WhiteFideId "2019299"]
[WhiteElo "2215"]
[BlackElo "2446"]
[Result "1/2-1/2"]
[Round "06"]
[TimeControl "180+2"]
[Date "2023.04.04"]
[WhiteClock "0:00:03"]
[BlackClock "0:00:05"]

1. d4 Nf6 2. Nf3 e6 3. g3 c5 4. Bg2 cxd4 5. O-O a6 6. Nxd4 Qc7 7. Bg5 Nc6 8. Bxf6 gxf6 9. c4 Bg7 10. Nc3 O-O 11. Nxc6 bxc6 12. c5 Rb8 13. Qc2 Qe5 14. Na4 f5 15. Rab1 a5 16. Nb6 Rd8 17. Rfd1 Qc7 18. Nc4 Ba6 19. Nd6 Rb4 20. a3 Rg4 21. b4 axb4 22. axb4 h5 23. Bf3 Rg5 24. h4 Rg4 25. Bxg4 hxg4 26. e4 f4 27. gxf4 Rf8 28. e5 Qd8 29. Kg2 f6 30. Rh1 fxe5 31. fxe5 Rf4 32. Qg6 Qf8 33. Rb2 Kh8 34. h5 Bh6 35. Ra1 g3 36. fxg3 Bf1+ 37. Kg1 Rf3 38. Ra8 Be3+ 39. Kh1 Qxa8 40. Nf7+ Rxf7 41. Qxf7 Qa1 42. Qf8+ Kh7 43. Qe7+ Kh8 44. Qd8+ Kh7 45. Qxd7+ Kh8 46. Qe8+ Kh7 47. Qf7+ Kh8 48. Qf8+ Kh7 49. Qf7+ Kh8 50. Qf6+ Kh7 51. Qf7+ 1/2-1/2


[Site "https://www.chess.com"]

[Event "Titled Tuesday Blitz April 4 Late 2023"]
[White "Martin Barcelo, Carles"]
[Black "Svicevic, Rastko"]
[WhiteFideId "24561444"]
[BlackFideId "916315"]
[WhiteElo "2089"]
[BlackElo "2071"]
[Result "1-0"]
[Round "06"]
[TimeControl "180+2"]
[Date "2023.04.04"]
[WhiteClock "0:00:05"]
[BlackClock "0:00:07"]

1. d4 c6 2. Nf3 d5 3. e3 e6 4. Bd3 f5 5. b3 Bd6 6. O-O Qe7 7. a4 a5 8. Ba3 Bxa3 9. Nxa3 Nf6 10. Ne5 Nbd7 11. f4 O-O 12. c4 Ne4 13. Nb1 g5 14. Nd2 Nxe5 15. fxe5 Nxd2 16. Qxd2 Bd7 17. Rf3 Be8 18. Raf1 Bg6 19. R3f2 Qb4 20. Qxb4 axb4 21. cxd5 cxd5 22. Rc1 f4 23. Bxg6 hxg6 24. exf4 gxf4 25. Rc7 b5 26. axb5 Rab8 27. Rc6 Rxb5 28. Rxe6 Kg7 29. Re7+ Kh6 30. h4 Kh5 31. g3 Kg4 32. Kg2 Rbb8 33. Rg7 fxg3 34. Rxg6+ Kxh4 35. Rxg3 Rxf2+ 36. Kxf2 Rf8+ 37. Rf3 Rc8 38. e6 Kg5 39. Kg3 Kg6 40. Kf4 Rc3 41. Rxc3 bxc3 42. Ke3 Kf6 43. Kd3 Kxe6 44. Kxc3 1-0


[Site "https://www.chess.com"]

[Event "Titled Tuesday Blitz April 4 Late 2023"]
[White "reevecanada"]
[Black "Baruch, Liam"]
[BlackFideId "14322064"]
[WhiteElo "2439"]
[BlackElo "2171"]
[Result "1-0"]
[Round "06"]
[TimeControl "180+2"]
[Date "2023.04.04"]
[WhiteClock "0:02:13"]
[BlackClock "0:00:09"]

1. e4 e5 2. Nf3 Nf6 3. d4 Nxe4 4. dxe5 Bc5 5. Qd5 Nxf2 6. Bg5 f6 7. exf6 gxf6 8. Qxc5 Nxh1 9. Be3 Qe7 10. Qh5+ Qf7 11. Qh4 Qe6 12. Kd2 Nc6 13. Nc3 Qd6+ 14. Bd3 Ne5 15. Nxe5 Qxe5 16. Rxh1 d5 17. Re1 Be6 18. Bd4 Qd6 19. Qxf6 Kd7 20. Rxe6 Qxe6 21. Bf5 1-0


[Site "https://www.chess.com"]

[Event "Titled Tuesday Blitz April 4 Late 2023"]
[White "Hajiyev, Kanan"]
[Black "Manu_ChessExcelsior"]
[WhiteFideId "13404148"]
[WhiteElo "2103"]
[BlackElo "2153"]
[Result "1-0"]
[Round "06"]
[TimeControl "180+2"]
[Date "2023.04.04"]
[WhiteClock "0:00:20"]
[BlackClock "0:00:04"]

1. d4 Nf6 2. c4 e5 3. dxe5 Ng4 4. Bf4 Bb4+ 5. Nc3 Nc6 6. Nf3 Qe7 7. Qd5 f6 8. exf6 Nxf6 9. Qd3 O-O 10. g3 d6 11. Bg2 Ng4 12. O-O Bxc3 13. Qxc3 Bd7 14. Rad1 Nce5 15. c5 Nxf3+ 16. exf3 Ne5 17. Rfe1 Rae8 18. cxd6 cxd6 19. Bxe5 dxe5 20. f4 Rc8 21. Qxe5 Qxe5 22. fxe5 Bg4 23. Rd2 Rc7 24. h3 Bh5 25. f4 Re7 26. g4 Be8 27. f5 h5 28. e6 hxg4 29. hxg4 Bb5 30. Re5 a6 31. b3 g6 32. a4 Be8 33. Rf2 Rf6 34. Bd5 Kg7 35. Be4 g5 36. Rh2 Rh6 37. Rxh6 Kxh6 38. f6 Rc7 39. f7 Bxf7 40. exf7 Rxf7 41. Re6+ Kg7 42. Rg6+ Kf8 43. Rxg5 Rf4 44. Rf5+ Rxf5 45. gxf5 b5 46. a5 b4 47. Bb7 Ke7 48. Bxa6 Kd6 49. Bd3 Kc5 50. a6 Kb6 51. f6 Ka7 52. f7 Kb6 53. f8=Q Ka7 54. Qe7+ Kb6 55. Qd6+ Ka5 56. Qc5# 1-0


[Site "https://www.chess.com"]

[Event "Titled Tuesday Blitz April 4 Late 2023"]
[White "Liu, Casper"]
[Black "lolliNOPE"]
[WhiteFideId "1454153"]
[WhiteElo "2221"]
[BlackElo "2145"]
[Result "0-1"]
[Round "06"]
[TimeControl "180+2"]
[Date "2023.04.04"]
[WhiteClock "0:01:08"]
[BlackClock "0:00:23"]

1. d4 Nf6 2. c4 e6 3. Nc3 Bb4 4. Qc2 O-O 5. e4 d6 6. Bd3 e5 7. d5 Nbd7 8. Ne2 a5 9. O-O h6 10. a3 Bc5 11. h3 Nh5 12. Kh2 Qh4 13. g3 Qe7 14. f4 exf4 15. gxf4 g5 16. fxg5 hxg5 17. Bxg5 Qe5+ 18. Nf4 Qxg5 19. Rg1 Bxg1+ 20. Rxg1 Qxg1+ 21. Kxg1 Nxf4 22. Bf1 Ne5 23. Qf2 Nfg6 24. h4 Bg4 25. Nb5 Nxh4 26. Nxc7 Rac8 27. Nb5 f5 28. Nxd6 fxe4 29. Qg3 Nhf3+ 30. Kh1 Rc7 31. Nxe4 Rh7+ 32. Kg2 Rh2+ 33. Qxh2 Nxh2 34. Kxh2 Rxf1 35. c5 Bf3 36. Nc3 Rf2+ 37. Kg3 Rxb2 38. Kf4 Rb3 39. Na4 Nd7 0-1


[Site "https://www.chess.com"]

[Event "Titled Tuesday Blitz April 4 Late 2023"]
[White "Porat, Tori"]
[Black "Korkmaz, Necmettin"]
[WhiteFideId "30982626"]
[BlackFideId "6303285"]
[WhiteElo "1752"]
[BlackElo "2097"]
[Result "0-1"]
[Round "06"]
[TimeControl "180+2"]
[Date "2023.04.04"]
[WhiteClock "0:00:43"]
[BlackClock "0:00:55"]

1. d4 d5 2. c4 e5 3. dxe5 d4 4. Nf3 Nc6 5. e3 Bb4+ 6. Bd2 dxe3 7. fxe3 Qe7 8. Be2 Nxe5 9. O-O Bxd2 10. Nbxd2 Ng4 11. Qe1 Nxe3 12. Qg3 Nxf1 13. Bxf1 Nf6 14. Re1 Be6 15. Nd4 O-O-O 16. Nxe6 fxe6 17. Nf3 Rhf8 18. a3 Kb8 19. b4 Nh5 20. Qg4 Nf4 21. Re4 Qf6 22. c5 Rd1 23. Ne5 Nh3+ 0-1


[Site "https://www.chess.com"]

[Event "Titled Tuesday Blitz April 4 Late 2023"]
[White "LuckyMajky"]
[Black "Leschinsky, Gary"]
[BlackFideId "30951321"]
[WhiteElo "2452"]
[BlackElo "1855"]
[Result "1-0"]
[Round "06"]
[TimeControl "180+2"]
[Date "2023.04.04"]
[WhiteClock "0:00:19"]
[BlackClock "0:00:16"]

1. Nf3 d5 2. c4 d4 3. e3 c5 4. b4 Nc6 5. b5 Nb8 6. exd4 cxd4 7. d3 a6 8. bxa6 Rxa6 9. Be2 Nc6 10. O-O e5 11. Re1 Bd6 12. Ng5 Nge7 13. Bf3 O-O 14. Bxc6 Nxc6 15. Qh5 Bf5 16. Ne4 Bg6 17. Qf3 Bb4 18. Bd2 Be7 19. Ng3 f5 20. Qd5+ Kh8 21. Qxd8 Rxd8 22. f4 Bf6 23. a4 Rda8 24. a5 Kg8 25. Na3 exf4 26. Bxf4 Rxa5 27. Nc2 Rxa1 28. Nxa1 Nb4 29. Rd1 Nxd3 30. Bd6 Nb2 31. Rf1 d3 32. Nb3 Ra3 33. Bxa3 Nxc4 34. Bc1 Bc3 35. Rd1 f4 36. Bxf4 Nb2 37. Rf1 Bf7 38. Nd2 Bd4+ 39. Kh1 b5 40. Nge4 h6 41. Bd6 Bc4 42. Bb4 Na4 43. h4 Nb6 44. Rf8+ Kh7 45. Rd8 Nd5 46. Nxc4 Nxb4 47. Rxd4 bxc4 48. Rxc4 Nd5 49. Rd4 Nf4 50. Ng3 g5 51. h5 Kg7 52. Kh2 Kf6 53. Rd6+ Ke5 54. Rd8 Nd5 55. Nf1 Nf6 56. Rxd3 Nxh5 57. Rh3 Nf6 58. Kg1 Kf5 59. Rxh6 g4 60. Rxf6+ Kxf6 61. Kf2 Kf5 62. Kg3 Kg5 63. Nh2 Kf5 64. Nxg4 Kg5 65. Nf2 Kg6 66. Kf3 Kf6 67. Kf4 Kg6 68. g4 1-0


[Site "https://www.chess.com"]

[Event "Titled Tuesday Blitz April 4 Late 2023"]
[White "Kovalevsky, Stanislav"]
[Black "Vifleemskaia, Svetlana"]
[WhiteFideId "13508598"]
[BlackFideId "4129490"]
[WhiteElo "2174"]
[BlackElo "1930"]
[Result "1-0"]
[Round "06"]
[TimeControl "180+2"]
[Date "2023.04.04"]
[WhiteClock "0:01:00"]
[BlackClock "0:00:03"]

1. c4 Nf6 2. Nc3 e6 3. e4 d5 4. e5 d4 5. exf6 dxc3 6. bxc3 Qxf6 7. Nf3 h6 8. d4 Nd7 9. Bd3 c6 10. O-O Bd6 11. d5 e5 12. Nd2 Nc5 13. Ne4 Nxe4 14. Bxe4 Bd7 15. dxc6 Bxc6 16. Bxc6+ bxc6 17. Be3 O-O 18. Rb1 Rab8 19. Qa4 Rxb1 20. Rxb1 e4 21. c5 Be5 22. Qxe4 Bxc3 23. Rb7 a5 24. Rb6 Bb4 25. g3 Rc8 26. Kg2 Kf8 27. h4 Qe7 28. Qh7 Qd7 29. Qh8+ Ke7 30. Qxg7 Qd5+ 31. Kh2 Bxc5 32. Rb7+ Kd6 33. Bf4+ 1-0


[Site "https://www.chess.com"]

[Event "Titled Tuesday Blitz April 4 Late 2023"]
[White "Kujawski, Adam"]
[Black "Melikhov, Evgeny V."]
[WhiteFideId "1100920"]
[BlackFideId "4122046"]
[WhiteElo "2054"]
[BlackElo "2158"]
[Result "0-1"]
[Round "06"]
[TimeControl "180+2"]
[Date "2023.04.04"]
[WhiteClock "0:00:05"]
[BlackClock "0:00:30"]

1. e4 c5 2. Nf3 d6 3. d4 cxd4 4. Nxd4 Nf6 5. Nc3 a6 6. Bg5 e6 7. f4 Nbd7 8. Bc4 Qc7 9. Bxe6 fxe6 10. Nxe6 Qa5 11. O-O Nc5 12. Nd4 Ncxe4 13. Nxe4 Nxe4 14. Re1 d5 15. c4 Bb4 16. cxd5 Bxe1 17. Qxe1 Qxd5 18. Qb4 Qc5 19. Qxc5 Nxc5 20. Re1+ Kf7 21. Re7+ Kg6 22. Nf3 h6 23. Ne5+ Kh7 24. Bf6 Rg8 25. g4 Ne4 26. g5 Nxf6 27. gxf6 Bf5 28. f7 Rgf8 29. Rxb7 Rac8 30. b4 Rc2 31. a4 Be4 32. Rc7 Rxc7 0-1


[Site "https://www.chess.com"]

[Event "Titled Tuesday Blitz April 4 Late 2023"]
[White "Figorito, Nick"]
[Black "Ai, Evan"]
[WhiteFideId "30923689"]
[BlackFideId "2094770"]
[WhiteElo "2381"]
[BlackElo "1963"]
[Result "1-0"]
[Round "06"]
[TimeControl "180+2"]
[Date "2023.04.04"]
[WhiteClock "0:00:07"]
[BlackClock "0:00:10"]

1. Nf3 Nf6 2. g3 d5 3. Bg2 c5 4. O-O Nc6 5. d4 cxd4 6. Nxd4 e5 7. Nxc6 bxc6 8. c4 Be6 9. Nc3 Be7 10. Bg5 e4 11. cxd5 cxd5 12. Qa4+ Qd7 13. Qxd7+ Kxd7 14. Rfd1 Kc6 15. Rac1 Kb7 16. Bxf6 Bxf6 17. Nxd5 Bxd5 18. Rxd5 Rac8 19. Rxc8 Rxc8 20. Bxe4 Kb6 21. Rd7 Re8 22. f3 Re7 23. Rxe7 Bxe7 24. Bxh7 Bc5+ 25. Kg2 Bd4 26. b3 Kc5 27. Bg8 f6 28. a4 a5 29. h4 Be3 30. f4 Kd4 31. Kf3 Bd2 32. Bc4 Be1 33. h5 Bd2 34. e4 Be1 35. Bd5 Bd2 36. g4 Bc1 37. g5 fxg5 38. f5 Ke5 39. Kg4 Bf4 40. Bc4 Bd2 41. Bd3 Bf4 42. Bb1 Bd2 43. Bc2 Bf4 44. Kf3 Bd2 45. Ke2 Bb4 46. Kd3 g4 47. Bd1 Kf4 48. Bxg4 Kxg4 49. f6 gxf6 50. h6 Bf8 51. h7 Bg7 52. b4 axb4 53. a5 f5 54. exf5 Kxf5 55. a6 b3 56. a7 b2 57. Kc2 Kg6 58. a8=Q Kxh7 59. Qe4+ Kg8 60. Qe7 Kh7 61. Qb7 Kg6 62. Kd3 Bf6 63. Ke4 Kg5 64. Qb5+ Kg6 65. Qf5+ Kg7 66. Qd7+ Kg6 67. Qd1 Kf7 68. Kf5 Ke7 69. Qe2+ Kd8 70. Qd3+ Ke7 71. Qe4+ Kd8 72. Qd5+ Ke7 73. Qe6+ 1-0


[Site "https://www.chess.com"]

[Event "Titled Tuesday Blitz April 4 Late 2023"]
[White "mjelcic"]
[Black "Perez Rodriguez, Jennifer"]
[BlackFideId "3507831"]
[WhiteElo "2223"]
[BlackElo "2116"]
[Result "1-0"]
[Round "06"]
[TimeControl "180+2"]
[Date "2023.04.04"]
[WhiteClock "0:00:44"]
[BlackClock "0:01:36"]

1. e4 e5 2. Nf3 Nc6 3. d4 exd4 4. Bc4 Nf6 5. e5 d5 6. Bb5 Ne4 7. Nxd4 Bd7 8. Bxc6 bxc6 9. O-O Bc5 10. f3 Ng5 11. f4 Ne4 12. Be3 Bb6 13. Nc3 c5 14. Nb3 Nxc3 15. bxc3 c4 16. Nd4 c5 17. Ne2 Bc6 18. f5 O-O 19. f6 Re8 20. Qe1 Rxe5 21. Qg3 g6 22. Qxe5 Qd7 23. Qg5 Qe8 24. Qh6 Qf8 25. Qxf8+ Kxf8 26. Bh6+ Ke8 27. Nf4 Kd7 28. Rae1 Bd8 29. Bg5 d4 30. Rd1 Bb6 31. Ne2 Ba4 32. cxd4 Bxc2 33. dxc5+ Bxd1 34. Rxd1+ Kc6 35. cxb6 axb6 36. Rd2 b5 37. Rc2 Rd8 38. Bd2 Re8 39. Bb4 Rd8 40. a3 Rd1+ 41. Kf2 Rd3 42. Rd2 1-0


[Site "https://www.chess.com"]

[Event "Titled Tuesday Blitz April 4 Late 2023"]
[White "Senthilkumar, Pranav"]
[Black "Kalajzic, Ivan"]
[WhiteFideId "2083477"]
[BlackFideId "14506378"]
[WhiteElo "1860"]
[BlackElo "2203"]
[Result "1-0"]
[Round "06"]
[TimeControl "180+2"]
[Date "2023.04.04"]
[WhiteClock "0:01:51"]
[BlackClock "0:00:04"]

1. d4 Nc6 2. Nf3 d5 3. Bf4 Bg4 4. e3 e6 5. Bd3 Bd6 6. Bxd6 Qxd6 7. Nbd2 Nge7 8. O-O Bf5 9. Qe2 Bxd3 10. Qxd3 O-O 11. c4 e5 12. cxd5 Qxd5 13. e4 Qd6 14. d5 Nb4 15. Qc3 Ng6 16. Nc4 Qe7 17. Ncxe5 Nxe5 18. Nxe5 Na6 19. Rfe1 Rfe8 20. Nd3 Rac8 21. e5 c5 22. d6 Qe6 23. Nf4 Qf5 24. Nd5 Qe6 25. Ne7+ Rxe7 26. dxe7 Qxe7 27. Rad1 b6 28. Qd2 Re8 29. Qd7 Kf8 30. Qa4 Nb8 31. Qe4 Rd8 32. Qxh7 f6 33. Qh8+ Kf7 34. Qxd8 1-0


[Site "https://www.chess.com"]

[Event "Titled Tuesday Blitz April 4 Late 2023"]
[White "Georg, Heinz"]
[Black "Shapiro, Viktor"]
[WhiteFideId "4607295"]
[BlackFideId "4175700"]
[WhiteElo "2242"]
[BlackElo "2152"]
[Result "0-1"]
[Round "06"]
[TimeControl "180+2"]
[Date "2023.04.04"]
[WhiteClock "0:00:08"]
[BlackClock "0:00:43"]

1. e4 Nf6 2. e5 Nd5 3. c4 Nb6 4. a4 a5 5. d4 d6 6. exd6 cxd6 7. Nc3 g6 8. Bd3 Bg7 9. Nge2 Nc6 10. Be3 O-O 11. O-O e5 12. d5 Nb4 13. b3 f5 14. f4 e4 15. Bc2 Nd7 16. Bd4 Nc5 17. Bxg7 Kxg7 18. Nd4 Qf6 19. Ncb5 Bd7 20. Qd2 Rae8 21. Rae1 Re7 22. Re3 Kh8 23. Bb1 Bxb5 24. Nxb5 Rg7 25. Qd4 Qxd4 26. Nxd4 Rf6 27. Nb5 Kg8 28. h4 Re7 29. Kh2 Kf8 30. Kh3 Ke8 31. g4 Kd7 32. g5 Rf8 33. Kg3 Nca6 34. h5 Nc7 35. Nd4 Nba6 36. hxg6 hxg6 37. Rh1 Nc5 38. Re2 Rg7 39. Rh6 Rfg8 40. Reh2 Ke7 41. Kf2 N7a6 42. Ke3 Nb4 43. Rh7 Kf7 44. Rxg7+ Rxg7 45. Rh8 Ke7 46. Nb5 Nxb3 47. Rc8 Nc5 48. Rc7+ Kf8 49. Rc8+ Ke7 50. Rc7+ Nd7 51. Nd4 Rh7 52. Ne6 Rh3+ 53. Kd4 b6 54. Rb7 Rb3 0-1


[Site "https://www.chess.com"]

[Event "Titled Tuesday Blitz April 4 Late 2023"]
[White "Vaglio Munoz, Jaime"]
[Black "Chabris, Christopher"]
[WhiteFideId "6500145"]
[BlackFideId "2005263"]
[WhiteElo "2199"]
[BlackElo "2222"]
[Result "1-0"]
[Round "06"]
[TimeControl "180+2"]
[Date "2023.04.04"]
[WhiteClock "0:01:27"]
[BlackClock "0:00:11"]

1. Nf3 Nf6 2. b3 e6 3. c4 d5 4. Bb2 Bd6 5. g3 b6 6. Bg2 Bb7 7. Ne5 Nbd7 8. Nxd7 Qxd7 9. Bxf6 gxf6 10. Nc3 c6 11. O-O h5 12. h4 O-O-O 13. d4 Rdg8 14. e3 Qc7 15. Qf3 f5 16. cxd5 exd5 17. Rac1 Qd7 18. Nb5 Kb8 19. Nxd6 Qxd6 20. Qxf5 Ka8 21. a4 Rg7 22. a5 Ba6 23. Rfe1 Rhg8 24. axb6 axb6 25. Qf4 Qxf4 26. exf4 Bd3 27. Rxc6 Kb7 28. Bxd5 Rd8 29. Bg2 1-0


[Site "https://www.chess.com"]

[Event "Titled Tuesday Blitz April 4 Late 2023"]
[White "Moore, Nicholas"]
[Black "Torres Hernandez, Leslie Carolin"]
[WhiteFideId "4303709"]
[BlackFideId "8400504"]
[WhiteElo "2435"]
[BlackElo "1920"]
[Result "1-0"]
[Round "06"]
[TimeControl "180+2"]
[Date "2023.04.04"]
[WhiteClock "0:00:24"]
[BlackClock "0:00:02"]

1. d4 Nf6 2. c4 e6 3. Nf3 d5 4. g3 Be7 5. Bg2 O-O 6. O-O c6 7. Qc2 Nbd7 8. Rd1 b6 9. b3 Bb7 10. Nc3 Rc8 11. e4 dxe4 12. Ng5 Qc7 13. Ncxe4 Nxe4 14. Nxe4 Nf6 15. Bf4 Qd7 16. Rac1 Rfd8 17. h4 Qe8 18. Be5 Nxe4 19. Bxe4 f5 20. Bg2 Qf7 21. Qe2 Ba3 22. Rc2 c5 23. d5 exd5 24. cxd5 Re8 25. f4 Rcd8 26. d6 Kh8 27. h5 1-0


[Site "https://www.chess.com"]